Mecha, lawful female human Samurai --------------------- |...................| ----------- ------------ |...................| |....[.....########...........| |....................###### |.........| |..........| |...................| #####..........| ------------ -------------.------- --.-------- ## # # # -------------- -------------.------ # ##################......"......| |...................####################### |............| |....>.............| # -.------------ -----------------.-- # # # # ######### ############# # # ------.------------- # ----.------------------ |.!................| # |......................| |..................| -.--- #########.....<.................| |..................| |...| # |.......^%.............| |...................######|...| # |......................| -------------------- #.....#######E@## ------------------------ ----- Mecha the Joshu Experience level: 11 Strength: 25 Dexterity: 16 Constitution: 17 Intelligence: 11 Wisdom: 14 Charisma: 10 Health: 0(88) Energy: 51(51) AC: -5 Gold: 4005 Moves: 19225 Your Inventory: Coins $ - 4005 gold pieces Amulets k - an uncursed warped amulet [of strangulation] Weapons a - an uncursed rusty corroded +0 katana (wielded in other hand) c - an uncursed +0 yumi d - 23 uncursed +0 ya t - the blessed rustproof +0 Excalibur (weapon in hand) z - 6 [uncursed +0] silver arrows Armor y - an uncursed very corroded +0 pair of gauntlets of power (being worn) E - an uncursed rusty +3 helm of brilliance (being worn) K - an uncursed +2 elven mithril-coat (being worn) U - an uncursed +0 pair of jumping boots (being worn) X - an uncursed +2 elven cloak (being worn) Comestibles B - an uncursed tripe ration C - an [uncursed] tin [of crocodile meat] T - an [uncursed] gunyoki Y - an [uncursed] tin [of giant beetle meat] Scrolls e - an uncursed scroll called 30 [of enchant weapon] f - an uncursed scroll called 50 [of confuse monster] i - an uncursed scroll called 150 [of genocide] l - 2 uncursed scrolls called 100 [of magic mapping] m - an uncursed scroll called 50 [of teleportation] s - an uncursed scroll called 100 [of create monster] x - an [uncursed] scroll called ID [of identify] Potions h - 2 uncursed potions called 50 [of confusion] n - 2 uncursed potions called 100 [of full healing] p - a blessed potion called 150 [of paralysis] u - 2 uncursed potions called 50 [of extra healing] w - an uncursed greasy potion [of object detection] I - an uncursed potion called 75 [of gain energy] J - 2 uncursed potions called 100 [of speed] L - 2 uncursed potions called 50 [of sleeping] M - an [uncursed] golden potion [of sake] V - a blessed potion called 50 [of restore ability] Z - a [cursed] clear potion [of unholy water] Rings b - an [uncursed] pearl ring [of invisibility] Q - an uncursed ring of slow digestion (on right hand) Wands g - an uncursed wand of digging [0:2] j - an uncursed wand called sleep [of sleep (0:1)] v - a blessed wand called not revealed by engraving [of locking (0:4)] A - a blessed wand of magic missile [0:3] D - an [uncursed] steel wand [of teleportation (0:6)] H - an uncursed wand of lightning [0:3] O - an [uncursed] wand called not revealed by engraving [of nothing (0:4)] R - an uncursed wand of fire [0:5] W - an uncursed wand of striking [0:0] Tools o - an uncursed looking glass [mirror] q - an uncursed key [skeleton key] F - an uncursed towel G - 2 uncursed [tallow] candles N - an uncursed [+0] unicorn horn P - an uncursed [oil] lamp called oil (0:20) Gems S - an uncursed gray stone [touchstone] Spells known in the end: Name Level Category Fail Memory a - sleep 1 enchantment 100% [||||||..] b - protection 1 clerical 100% [||||||||] Your skills at the end: Fighting Skills martial arts [Basic / Master] two weapon combat [Basic / Expert] body armor [Skilled / Expert] Weapon Skills short sword [Basic / Expert] long sword [Expert / Expert] bow [Basic / Expert] Spellcasting Skills Final Attributes: You were piously aligned. Hunger level was 834. Your alignment was 105 / 106. Monster difficulty range was 2 - 13. Level difficulty was 15. You were immune to level-drain. You were telepathic. You had automatic searching. You were stealthy. You could jump. You had slower digestion. You were fast. You were wielding two weapons at once. Your luck was zero. You are dead. Vanquished creatures: 2 black puddings 3 ghosts an Elvenking 2 fire elementals a giant zombie 3 wargs a winter wolf 6 small mimics a xan an ogre lord 2 quantum mechanics 4 trolls a gelatinous cube a pyrolisk a large dog an ochre jelly 2 energy vortices an elf mummy a human mummy a pit viper a cobra 3 ettin zombies a leather golem 2 Grey-elves a chameleon 2 quivering blobs a wolf 2 lynxes 3 spotted jellies 3 leprechauns 3 iron piercers a giant spider 2 horses an ice vortex 2 black lights a gnome king 2 brown puddings a rust monster 3 owlbears a werewolf 5 Green-elves a lizard 3 dogs a dingo a housecat 3 dwarf lords 2 blue jellies a gray unicorn 2 plains centaurs 2 snakes 2 apes 2 rope golems 6 Woodland-elves 4 soldier ants a snow ant 2 bugbears 3 imps 3 quasits 2 wood nymphs 3 water nymphs 2 Mordor orcs 16 Uruk-hai 8 rock piercers 5 enormous rats a rock mole 3 ponies 2 fog clouds 3 yellow lights 2 shriekers a violet fungus 8 gnome lords 4 gnomish wizards a kobold mummy a black naga hatchling a golden naga hatchling 3 gray oozes 9 elf zombies a ghoul 2 straw golems 3 paper golems 2 baby crocodiles 6 giant ants 3 little dogs 5 floating eyes 3 kittens 6 dwarves 2 homunculi 3 kobold lords 3 kobold shamans 4 hill orcs 4 rothes 2 rabid rats 3 centipedes 6 giant bats 3 monkeys 4 orc zombies 4 dwarf zombies 3 wererats 2 werejackals 9 iguanas 6 killer bees 4 acid blobs 6 coyotes 3 gas spores 5 hobbits 4 manes a large kobold 3 hobgoblins 2 giant rats 14 cave spiders 2 brown molds 2 yellow molds 2 green molds 2 red molds 36 gnomes 10 garter snakes 6 geckos 15 jackals 3 foxes 2 kobolds 6 goblins 7 sewer rats 8 grid bugs 4 bats 7 lichens 3 kobold zombies 9 newts 446 creatures vanquished. Voluntary challenges: You used a wielded weapon 557 times. You read items or engraved 27 times. You put on armor 29 times. You never genocided any monsters. You never polymorphed an object. You never changed form. You used no wishes. You wrote Elbereth's name 11 times. You encountered 3 bones levels. You never used any Sokoban shortcuts. Dungeon overview: The Dungeons of Doom: levels 1 to 15 Level 1 an altar, some fountains a long staircase Level 2 a general store, a fountain stairs to The Gnomish Mines Level 3 an armor shop Level 4 an armor shop Level 5 many fountains Level 8 a weapon shop stairs to Sokoban Level 9 a weapon shop, an altar Level 10 stairs to Town Level 12 a jewelry store, a fountain, a sink Level 14 some fountains Level 15 <- You were here The Gnomish Mines: levels 3 to 7 Level 3 stairs to The Dungeons of Doom Level 5 many shops, a temple, a magic chest, some fountains Sokoban: Level 7 a magic chest stairs to The Dungeons of Doom Town: Level 9 stairs to The Dungeons of Doom History has recorded: On T:1 you entered the Dungeons of Doom to retrieve the Amulet of Yendor! On T:298 you reached level 2 of The Dungeons of Doom. On T:679 you advanced to experience level 2. On T:1014 you advanced to experience level 3. On T:1551 you advanced to experience level 4. On T:1696 you reached level 3 of The Dungeons of Doom. On T:2120 you advanced to experience level 5. On T:3336 you advanced to experience level 6. On T:3764 you reached level 4 of The Dungeons of Doom. On T:4104 you advanced to experience level 7. On T:4524 you reached level 5 of The Dungeons of Doom. On T:5759 you advanced to experience level 8. On T:5948 you reached level 6 of The Dungeons of Doom. On T:6396 you reached level 7 of The Dungeons of Doom. On T:6753 you reached level 8 of The Dungeons of Doom. On T:6964 you reached level 3 of Sokoban. On T:7726 you advanced to experience level 9. On T:9093 you reached level 1 of The Gnomish Mines. On T:9130 you reached level 2 of The Gnomish Mines. On T:9382 you reached level 3 of The Gnomish Mines. On T:9413 you reached level 5 of The Gnomish Mines. On T:9507 you reached level 4 of The Gnomish Mines. On T:10636 you advanced to experience level 10. On T:11930 you reached level 9 of The Dungeons of Doom. On T:13039 you reached level 10 of The Dungeons of Doom. On T:14596 you advanced to experience level 11. On T:16259 you reached level 3 of Town. On T:16838 you reached level 11 of The Dungeons of Doom. On T:17196 you reached level 12 of The Dungeons of Doom. On T:17494 you reached level 13 of The Dungeons of Doom. On T:18030 you reached level 14 of The Dungeons of Doom. On T:18669 you advanced to experience level 11. On T:18691 you reached level 15 of The Dungeons of Doom. Latest messages: [HP+2=84] [HP+2=86] [HP+2=88] Where do you want to travel to? You miss the fire elemental. You are suddenly very hot! The fire elemental misses. [HP-27=61] You miss the fire elemental. The fire elemental misses. You miss the fire elemental. You are suddenly very hot! The fire elemental misses. [HP-27=34] You miss the fire elemental. The fire elemental misses. [HP+2=36] You hit the fire elemental! (2x) You are suddenly very hot! The fire elemental hits! [HP-31=5] You hit the fire elemental! (2x) You are suddenly very hot! You die... Final status: Sayonara Mecha the Samurai... You died in The Dungeons of Doom on dungeon level 15 with 12113 points, and 4005 pieces of gold, after 19225 moves. You were level 11 with a maximum of 88 hit points when you died.